 Dungeon Sprint DCSS version 0.16.2-12-gd0ad4c3 (webtiles) character file.

8 Ponchio the Magician (level 2, -2/15 HPs)
             Began as a Deep Elf Fire Elementalist on Sept 21, 2015.
             Was an Initiate of Vehumet.
             Slain by a giant mite (4 damage)
             ... in the Dungeon (Sprint V: "Ziggurat Sprint").
             The game lasted 00:02:04 (119 turns).

Ponchio the Magician (Deep Elf Fire Elementalist)    Turns: 119, Time: 00:02:04

Health: -2/15      AC:  2    Str:  5    XL:     2   Next: 0%
Magic:  18/18      EV: 15    Int: 25    God:    Vehumet [......]
Gold:   0          SH:  0    Dex: 15    Spells: 1 memorised, 12 levels left

rFire  . . .     SeeInvis .     K - +6 Majin-Bo {vamp, Archmagi MP+6 Int+6}
rCold  . . .     Clarity  .     a - +0 robe
rNeg   . . .     SustAb   .     (no shield)
rPois  .         Gourm    .     (no helmet)
rElec  .         Spirit   .     (no cloak)
rCorr  .         Warding  .     (no gloves)
rMut   .         NoTele   +     (no boots)
MR     .....                    (no amulet)
Stlth  ++........               (no ring)
                                (no ring)

@: lethally poisoned (-2 -> -11), not resistant to hostile enchantments,
unstealthy
A: no striking features
a: Renounce Religion


You were in the Dungeon.
You worshipped Vehumet.
Vehumet was noncommittal.
You were not hungry.

You visited 1 branch

Inventory:

Hand weapons
 K - the +6 Majin-Bo (weapon) {vamp, Archmagi MP+6 Int+6}
   (You found it in the Dungeon)

   It inflicts no extra harm, but heals its wielder somewhat when it strikes a
   living foe.
   It affects your intelligence (+6).
   It affects your magic capacity (+6).
Armour
 a - a +0 robe (worn)
Jewellery
 A - a +6 ring of dexterity
 B - a +6 ring of dexterity
 C - a +6 ring of intelligence
 D - a +6 ring of intelligence
 E - a +6 ring of strength
 F - a +6 ring of strength
Magical devices
 G - a wand of disintegration (6)
 H - a wand of fire (5)
 I - a wand of cold (5)
 J - a wand of draining (4)
Scrolls
 i - 4 scrolls of blinking
 q - 4 scrolls of amnesia
 r - 3 scrolls of recharging
 s - 7 scrolls of fog
 t - a scroll of holy word
 u - 5 scrolls of identify
 v - 5 scrolls of remove curse
 w - 2 scrolls of fear
Potions
 d - 10 potions of curing
 e - 10 potions of heal wounds
 f - 6 potions of haste
 g - 7 potions of magic
 h - 3 potions of berserk rage
 j - 2 potions of brilliance
 k - 2 potions of invisibility
 l - 2 potions of restore abilities
 m - 4 potions of resistance
 o - 5 potions of agility
 p - 5 potions of might
Books
 b - a book of Flames

   Spells                             Type                      Level
   a - Flame Tongue                   Conjuration/Fire             1
   b - Throw Flame                    Conjuration/Fire             2
   c - Conjure Flame                  Conjuration/Fire             3
   d - Inner Flame                    Hexes/Fire                   3
   e - Sticky Flame                   Conjuration/Fire             4
   f - Fireball                       Conjuration/Fire             5
Miscellaneous
 y - a disc of storms
Comestibles
 c - 5 bread rations
 x - 40 fruits
 z - 4 meat rations


   Skills:
 + Level 5.6 Dodging
 - Level 2.4 Stealth
 + Level 6.3 Spellcasting
 + Level 4.6 Conjurations
 - Level 3.2 Fire Magic


You had 12 spell levels left.
You knew the following spells:

 Your Spells              Type           Power        Failure   Level  Hunger
a - Flame Tongue          Conj/Fire      #####        1%          1    None


Dungeon Overview and Level Annotations

Branches:
Dungeon (1/1)

Altars:
Ashenzari
Cheibriados
Dithmenos
Elyvilon
Fedhas
Gozag
Kikubaaqudgha
Makhleb
Nemelex Xobeh
Okawaru
Qazlal
Ru
Sif Muna
Trog
Vehumet
Xom
Yredelemnul
Zin
The Shining One
Beogh
Jiyva
Lugonu


Message History

Evoke which item? (* to show all) (? for menu, Esc to quit)
Zapping:
J - a wand of draining (5)
Press: ? - help, Shift-Dir - straight line, f/p - jumping spider
Aim: a jumping spider (moderately wounded)
The bolt of negative energy hits the jumping spider.
The jumping spider is drained!
The jumping spider is almost dead.
This wand has 4 charges left.
The jumping spider leaps!
You sock the giant mite!
The giant mite is severely wounded.
The giant mite bites you.
You are poisoned.
The giant mite poisons you! The jumping spider closely misses you.
The jumping spider misses you.
You hit the giant mite but do no damage.
The giant mite is severely wounded.
You feel sick. The jumping spider misses you. The jumping spider bites you!
* * * LOW HITPOINT WARNING * * *
The giant mite bites you.
You die...

▓▓▓▓▓▓▓
▓.8©8.▓
▓.....▓
▓.=.|.▓
▓.....▓
▓..s..▓
▓..@s.▓
▓▓▓▓▓▓▓


You could see a jumping spider and a giant mite.

Vanquished Creatures (others)
  A spatial maelstrom (D)
1 creature vanquished.

Notes
Turn   | Place    | Note
--------------------------------------------------------------
     0 | D        | Ponchio, the Deep Elf Fire Elementalist, began the quest for the Orb.
     0 | D        | Reached XP level 1. HP: 10/10 MP: 5/5
     0 | D        | Found a viscous altar of Jiyva.
     0 | D        | Found a corrupted altar of Lugonu.
     0 | D        | Found a white marble altar of Elyvilon.
     1 | D        | Found a burning altar of Makhleb.
     1 | D        | Found an iron altar of Okawaru.
     3 | D        | Found a sparkling altar of Nemelex Xobeh.
     3 | D        | Found a basalt altar of Yredelemnul.
     3 | D        | Found a deep blue altar of Sif Muna.
     3 | D        | Found a radiant altar of Vehumet.
     7 | D        | Found a bloodstained altar of Trog.
     7 | D        | Found a shimmering altar of Xom.
    33 | D        | Became a worshipper of Vehumet
    42 | D        | Reached skill level 5 in Dodging
    42 | D        | Reached skill level 6 in Spellcasting
    42 | D        | Reached XP level 2. HP: 15/15 MP: 6/12
    48 | D        | Banished a spatial maelstrom
   115 | D        | Entered arena 1.
   115 | D        | Noticed a jumping spider
   119 | D        | Slain by a giant mite

Action                   || total
-------------------------++-------
Melee: Quarterstaff      ||     2
Evoke: Wand              ||     2
  Use: Potion            ||     1
  Eat: Fruit             ||     2
